 Dungeon Crawl Stone Soup version 0.21-a0-104-g7b58145 (webtiles) character file.

16958 Leszczynek the Cleaver (level 12, -24/112 HPs)
             Began as a Deep Dwarf Fighter on July 6, 2017.
             Was an Elder of Makhleb.
             Killed from afar by Frances (57 damage)
             ... with a shard of ice
             ... on level 14 of the Dungeon.
             The game lasted 00:32:17 (5025 turns).

Leszczynek the Cleaver (Deep Dwarf Fighter)         Turns: 5025, Time: 00:32:18

Health: -24/112    AC: 15    Str: 27    XL:     12   Next: 14%
Magic:  4/4        EV: 10    Int: 14    God:    Makhleb [****..]
Gold:   542        SH: 13    Dex: 13    Spells: 9/11 levels left

rFire    . . .     SeeInvis .   a - +4 broad axe
rCold    . . .     Gourm    +   c - +1 shield
rNeg     . . .     Faith    .   j - +0 chain mail (curse)
rPois    .         Spirit   .   y - +0 helmet of Honour {*Slow Str+3 Int+3 Slay+3}
rElec    .         Reflect  .   e - +1 cloak
rCorr    .         Harm     .   (no gloves)
MR       +....     Clarity  +   (no boots)
Stlth    ..........             w - amulet of the gourmand
HPRegen  0.00/turn              k - +2 ring of strength
MPRegen  0.09/turn              C - ring of stealth

@: non-regenerating
A: damage resistance, heal wounds, slimy green scales 1, clarity, sense
surroundings 2, no regeneration
a: Heal Wounds, Minor Destruction, Lesser Servant of Makhleb, Major Destruction,
Renounce Religion


You were on level 14 of the Dungeon.
You worshipped Makhleb.
Makhleb was greatly pleased with you.
You were not hungry.

You visited 3 branches of the dungeon, and saw 17 of its levels.

You collected 542 gold pieces.

Inventory:

Hand Weapons
 a - a +4 broad axe (weapon)
 G - the +0 broad axe of Vanity {drain, rF++ Dex-5}
   (You found it on level 10 of the Dungeon)

   A truly terrible weapon, it drains the life of those it strikes.
   It affects your dexterity (-5).
   It greatly protects you from fire.
Missiles
 x - 13 tomahawks (quivered)
Armour
 b - a +0 scale mail
 c - a +1 shield (worn)
 e - a +1 cloak (worn)
 j - a cursed +0 chain mail (worn)
 y - the +0 helmet of Honour (worn) {*Slow Str+3 Int+3 Slay+3}
   (You found it on level 14 of the Dungeon)

   It affects your strength (+3).
   It affects your intelligence (+3).
   It affects your accuracy and damage with ranged weapons and melee attacks
   (+3).
   It may slow you when you take damage.
Jewellery
 k - a +2 ring of strength (left hand)
 n - an uncursed ring of ice
 w - an amulet of the gourmand (around neck)
 C - a ring of stealth (right hand)
Wands
 l - a wand of disintegration (14/24)
 t - a wand of flame (25/48)
 D - a wand of paralysis (11/24)
 H - a wand of iceblast (10/15)
 I - a wand of acid (8/15)
 J - a wand of enslavement (14/24)
Scrolls
 i - 3 scrolls of remove curse {@r2}
 p - 3 scrolls of teleportation
 v - a scroll of enchant armour
Potions
 f - a potion of heal wounds {unknown}
 m - 2 potions of mutation {!q}
 o - 4 potions of curing {@q1}
 q - a potion of brilliance {unknown}
 r - 3 potions of berserk rage {unknown}
 s - 2 potions of flight
 u - a potion of agility {unknown}
 z - a potion of ambrosia {unknown}
Miscellaneous
 B - a phantom mirror
Comestibles
 d - 2 bread rations
 g - a royal jelly
 h - 3 meat rations
 A - 3 chunks of flesh


   Skills:
 + Level 8.8 Fighting
 * Level 14.2 Axes
 + Level 6.3 Armour
 - Level 5.0 Dodging
 - Level 8.4 Shields
 - Level 6.0 Invocations
 - Level 6.0 Evocations


You had 9 spell levels left.
You knew the following spells:

 Your Spells              Type           Power        Failure   Level  Hunger
a - Animate Skeleton      Necr           N/A          98%         1    ##.....
A - Apportation           Tloc           #.....       98%         1    ##.....


Dungeon Overview and Level Annotations

Branches:
Dungeon (15/15)            Temple (1/1) D:6            Lair (1/6) D:9
    Orc (0/2) D:12
 Vaults: D:13-14     Depths: D:15

Altars:
Cheibriados
Dithmenos
Fedhas
Gozag
Hepliaklqana
Kikubaaqudgha
Makhleb
Nemelex Xobeh
Okawaru
Qazlal
Trog
Uskayaw
Yredelemnul
Jiyva

Shops:
D:9 :

Annotations:
D:3 kuniqs's ghost, amateur VSBe
D:4 Doomer's ghost, amateur DrBe
D:10 1 transporter
D:13 vaults
D:14 exclusion: 2 downstairs, Frances


Innate Abilities, Weirdness & Mutations

You are resistant to damage.
You can heal yourself by infusing magical energy.
You passively map the area around you.
You do not regenerate.
You are partially covered in slimy green scales. (AC +2)
You possess an exceptional clarity of mind.


Message History

Found 17 gold pieces.
Unknown command.
You are too injured to fight recklessly!
You are too injured to fight recklessly!
You are too injured to fight recklessly!
You are too injured to fight recklessly!
You are too injured to fight recklessly!
You are too injured to fight recklessly!
You slash the shadow imp!
You kill the shadow imp!
Makhleb accepts your kill.
Frances, Duchess of Pandemonium comes into view.
She is wielding a hand axe.
Frances shouts!
Frances sneers.
A demon appears!
A demon appears!
Frances screams a word of power!
The shard of ice hits you!
Ouch! That really hurt!
You die...

#............, #...
#..........@., ####
*#....#* ###.#.### *
#$......# * *
#.#@###.# , ,
#,#..##.# ** #
#.##.##.######## #.
#....@3........###
#.#
#......4........)#
#.. #.##.##........#
#.# #....##........#
#.. #.#####........#
# ### # *
*##........#.# #
,.........)....#####
##########.####....
#.####.#..


You could see Frances, a friendly hellwing and a friendly neqoxec.

Vanquished Creatures
  Josephine (D:10)
  2 centaur warriors
  A catoblepas (D:13)
  3 two-headed ogres
  A tengu warrior (D:14)
  The ghost of Qrupt the Thaumaturge, a novice DEIE (D:10)
  2 unseen horrors
  Pikel (D:8)
  An ugly thing (D:11)
  4 centaur skeletons
  Maurice (D:9)
  Psyche (D:8)
  3 kobold demonologists (D:13)
  A tengu conjurer (D:14)
  3 trolls
  2 hippogriffs
  4 wraiths (D:9)
  7 yaks
  A hungry ghost (D:7)
  A warg (D:12)
  An acid dragon (D:11)
  A water moccasin (D:7)
  An orc warrior (D:10)
  2 ice beasts
  3 sky beasts
  2 black bears
  A necrophage (D:6)
  5 wolves (D:9)
  2 centaurs
  5 big kobolds
  8 bullfrogs
  A scorpion (D:9)
  2 water moccasin skeletons
  4 killer bees (D:11)
  3 wights (D:9)
  6 howler monkeys
  An electric eel (D:6)
  3 crimson imps
  6 hounds
  A jelly (D:5)
  3 orc priests
  10 orc wizards
  2 iguanas
  5 worker ants
  A hound skeleton (D:8)
  3 gnolls (D:5)
  9 adders
  2 shadow imps
  2 adder zombies
  A worm (D:2)
  2 leopard geckos
  45 orcs
  3 giant cockroaches
  4 goblins
  A hobgoblin (D:2)
  11 jackals
  3 quokkas
  A bat (D:3)
  2 frilled lizards
  10 kobolds
  A quokka zombie (D:5)
  3 rats
223 creatures vanquished.

Vanquished Creatures (others)
  A phantom (D:8)
  2 slaves (D:8)
  An orc (D:8)
  A fungus (Lair:1)
  2 plants (Lair:1)
7 creatures vanquished.

Grand Total: 230 creatures vanquished

Notes
Turn   | Place    | Note
-------+----------+-------------------------------------------
     0 | D:1      | Leszczynek the Deep Dwarf Fighter began the quest for the Orb.
     0 | D:1      | Reached XP level 1. HP: 20/20 MP: 1/1
   114 | D:1      | Reached XP level 2. HP: 22/27 MP: 2/2
   264 | D:2      | Reached skill level 3 in Axes
   433 | D:4      | Reached skill level 4 in Axes
   433 | D:4      | Reached XP level 3. HP: 30/33 MP: 3/3
   524 | D:4      | Noticed Doomer's ghost (amateur DrBe)
   546 | D:3      | Reached XP level 4. HP: 30/40 MP: 4/4
   551 | D:3      | Reached skill level 5 in Axes
   600 | D:3      | Noticed kuniqs's ghost (amateur VSBe)
   629 | D:5      | Entered Level 5 of the Dungeon
   687 | D:4      | HP: 8/40 [orc/trident (3)]
   689 | D:4      | Reached XP level 5. HP: 33/48 MP: 3/3
   691 | D:4      | Reached skill level 6 in Axes
   857 | D:5      | Reached skill level 7 in Axes
   857 | D:5      | Reached XP level 6. HP: 50/55 MP: 4/4
   874 | D:5      | Noticed an ice beast
   889 | D:5      | Killed an ice beast
   938 | D:6      | Found a staircase to the Ecumenical Temple.
   948 | Temple   | Entered the Ecumenical Temple
   954 | Temple   | Became a worshipper of Makhleb the Destroyer
   955 | Temple   | see, not that hard
  1037 | D:5      | Reached skill level 8 in Axes
  1086 | D:5      | Reached skill level 3 in Fighting
  1090 | D:5      | Reached XP level 7. HP: 40/62 MP: 4/4
  1327 | D:6      | Reached skill level 4 in Fighting
  1503 | D:7      | Found an iron altar of Okawaru.
  1503 | D:7      | Found a bloodstained altar of Trog.
  1505 | D:7      | Found an ancient bone altar of Kikubaaqudgha.
  1509 | D:7      | Reached skill level 5 in Fighting
  1685 | D:7      | Reached * piety under Makhleb
  1729 | D:7      | Reached skill level 6 in Fighting
  1729 | D:7      | Reached XP level 8. HP: 48/76 MP: 3/3
  1809 | D:7      | Reached skill level 1 in Dodging
  1840 | D:7      | Reached skill level 2 in Dodging
  1862 | D:8      | Reached skill level 4 in Armour
  1862 | D:8      | Reached skill level 4 in Shields
  1868 | D:8      | Reached skill level 3 in Dodging
  1901 | D:8      | Noticed Psyche
  1923 | D:8      | Paralysed by something for 4 turns
  1933 | D:8      | HP: 14/114 [something/puff of frost (9)]
  1935 | D:8      | Killed Psyche
  1939 | D:8      | Noticed Pikel
  1948 | D:8      | Killed Pikel
  1948 | D:8      | Reached skill level 9 in Axes
  1948 | D:8      | Reached skill level 5 in Armour
  1948 | D:8      | Reached skill level 4 in Dodging
  1948 | D:8      | Reached skill level 5 in Shields
  1948 | D:8      | Gained mutation: You passively map the area around you. [Deep Dwarf growth]
  1948 | D:8      | Reached XP level 9. HP: 23/82 MP: 3/3
  2204 | D:9      | Reached ** piety under Makhleb
  2226 | D:10     | Entered Level 10 of the Dungeon
  2226 | D:10     | Noticed Josephine
  2252 | D:9      | Found Uscho's Book Shoppe.
  2450 | D:9      | Found a hazy altar of Hepliaklqana.
  2454 | D:9      | Noticed Maurice
  2464 | D:9      | Killed Maurice
  2464 | D:9      | Reached skill level 10 in Axes
  2464 | D:9      | Reached skill level 5 in Dodging
  2513 | D:9      | Noticed a two-headed ogre
  2540 | D:9      | Killed a two-headed ogre
  2540 | D:9      | Reached skill level 6 in Armour
  2540 | D:9      | Reached skill level 6 in Shields
  2620 | D:10     | Noticed Qrupt's ghost (novice DEIE)
  2620 | D:10     | Gained mutation: You possess an exceptional clarity of mind. [potion of mutation]
  2620 | D:10     | Gained mutation: You are partially covered in slimy green scales. (AC +2) [potion of mutation]
  2637 | D:10     | Reached XP level 10. HP: 83/92 MP: 3/3
  2642 | D:10     | Killed Josephine
  2642 | D:10     | Reached skill level 7 in Fighting
  2642 | D:10     | Reached skill level 11 in Axes
  2648 | D:10     | Killed Qrupt's ghost
  2723 | D:9      | Reached skill level 12 in Axes
  2773 | D:10     | Killed an unseen horror
  2773 | D:10     | Reached skill level 8 in Fighting
  2947 | D:10     | Noticed a two-headed ogre
  2986 | D:9      | Reached *** piety under Makhleb
  2986 | D:9      | Reached skill level 1 in Invocations
  3039 | D:9      | Reached skill level 2 in Invocations
  3045 | D:9      | Found a staircase to the Lair.
  3144 | Lair:1   | Entered Level 1 of the Lair of Beasts
  3155 | D:9      | Reached skill level 3 in Invocations
  3173 | D:9      | Reached skill level 4 in Invocations
  3191 | Lair:1   | >tfw training invocations to not run out of MP
  3194 | Lair:1   | Noticed a spiny frog
  3194 | Lair:1   | Noticed a spiny frog
  3195 | Lair:1   | Noticed a spiny frog
  3195 | Lair:1   | oh boyyyyyyyyyyyyyyyyyyy
  3293 | D:10     | Killed a two-headed ogre
  3293 | D:10     | Reached skill level 6 in Invocations
  3293 | D:10     | Reached XP level 11. HP: 70/103 MP: 4/6
  3356 | D:10     | Found a viscous altar of Jiyva.
  3395 | D:10     | Found a transporter.
  3406 | D:10     | hm, this is not worth it
  3406 | D:10     | str ring, two books, gold, meat ration, randart scythe
  3489 | D:10     | Got a slimy broad axe
  3490 | D:10     | Identified the +0 broad axe of Vanity {drain, rF++ Dex-5} (You found it on level 10 of the Dungeon)
  3491 | D:10     | hm
  3491 | D:10     | nah, fuck it
  3627 | D:11     | Reached skill level 7 in Shields
  3708 | D:11     | Reached skill level 13 in Axes
  3773 | D:11     | Reached skill level 1 in Evocations
  3847 | D:11     | Reached skill level 2 in Evocations
  3857 | D:11     | Reached skill level 3 in Evocations
  3862 | D:11     | yak pack = medkit
  3960 | D:11     | Noticed a brown ugly thing
  3973 | D:11     | Killed a brown ugly thing
  3973 | D:11     | Reached skill level 4 in Evocations
  3978 | D:11     | Found a shadowy altar of Dithmenos.
  3991 | D:11     | Reached skill level 5 in Evocations
  4060 | D:12     | Found a staircase to the Orcish Mines.
  4070 | D:12     | Reached **** piety under Makhleb
  4201 | D:12     | Noticed a two-headed ogre
  4213 | D:12     | Killed a two-headed ogre
  4213 | D:12     | Reached skill level 6 in Evocations
  4363 | D:13     | Noticed a catoblepas
  4380 | D:13     | Killed a catoblepas
  4392 | D:13     | Noticed a centaur warrior
  4407 | D:13     | Killed a centaur warrior
  4568 | D:13     | Reached skill level 8 in Shields
  4729 | D:14     | Got a jewelled helmet
  4735 | D:14     | Identified the +0 helmet of Honour {*Slow Str+3 Int+3 Slay+3} (You found it on level 14 of the Dungeon)
  4735 | D:14     | ...
  4769 | D:14     | Learned a level 1 spell: Animate Skeleton
  4772 | D:14     | Learned a level 1 spell: Apportation
  4788 | D:15     | Entered Level 15 of the Dungeon
  4788 | D:15     | Noticed a cyan ugly thing
  4788 | D:15     | Noticed a cyan ugly thing
  4788 | D:15     | Noticed a cyan ugly thing
  4788 | D:15     | Noticed a cyan ugly thing
  4788 | D:15     | Noticed a cyan ugly thing
  4788 | D:15     | Noticed a tengu warrior
  4789 | D:15     | ha ha no
  4790 | D:15     | Noticed a two-headed ogre
  4818 | D:14     | Killed an unseen horror
  4818 | D:14     | Reached XP level 12. HP: 96/112 MP: 5/5
  4832 | D:14     | Noticed a tengu warrior
  4846 | D:14     | Killed a tengu warrior
  4846 | D:14     | Reached skill level 14 in Axes
  4900 | D:15     | Noticed a six-headed hydra
  4966 | D:14     | Noticed a centaur warrior
  4998 | D:14     | Killed a centaur warrior
  5016 | D:14     | Noticed Frances
  5025 | D:14     | Ouch! That really hurt!
  5025 | D:14     | Killed from afar by Frances

Vault maps used:
D:1:      dpeg_arrival_simpleton_c, minmay_quantized
D:2:      first_bread, uniq_terence
D:3:      vehumet_crystals, minmay_misc_feat_ornament
D:4:      st_stairs_13
D:6:      minmay_temple_entry_crystal_x, serial_bayou, serial_bayou_pond_a,
          serial_bayou_crossing, serial_bayou_pond_c, serial_bayou_ford_a,
          serial_bayou_pond_b
D:7:      gammafunk_temple_overflow_claw
D:8:      uniq_maurice, uniq_psyche, uniq_pikel
D:9:      lair_entry_dummy, serial_shops, shop, basic_altar
D:10:     gammafunk_jiyva_shrine, hangedman_ranch, hangedman_incinerator,
          uniq_josephine
D:11:     nicolae_dithmenos_the_darkroom
D:12:     david_orc_3
D:13:     hangedman_vaults_entry_quadrant_bands, xom_teletrap_fun
D:14:     minivault_19, uniq_frances
D:15:     grunt_enter_depths_hoard, basic_altar, portal_ice_cave_entry_imps,
          serial_park_tiny_1, minmay_orc_keep, uniq_nessos
Temple:   eino_narrow_crystal_temple
Lair:1:   minmay_lair_venomous_thicket, st_stairs_4, beast_lair_carwin_3

Skill      XL: |  1  2  3  4  5  6  7  8  9 10 11 12 |
---------------+-------------------------------------+-----
Axes           | 4 5 7 8 9 10 12 13 14 | 14.2
Fighting       | 3 6 8 |  8.8
Dodging        | 4 5 |  5.0
Armour         | 5 6 |  6.3
Shields        | 5 6 8 |  8.4
Invocations    | 6 |  6.0
Evocations     | 6 |  6.0

Action                   |  1- 3 |  4- 6 |  7- 9 | 10-12 || total
-------------------------+-------+-------+-------+-------++-------
Melee: War axe           |    80 |   115 |   273 |    99 ||   567
       Broad axe         |       |       |       |   349 ||   349
Invok: Lesser Servant of |       |       |       |     3 ||     3
 Abil: Heal Wounds       |     1 |     4 |    12 |    11 ||    28
Evoke: Wand              |       |     1 |     4 |     8 ||    13
  Use: Scroll            |       |     1 |     6 |    18 ||    25
       Potion            |       |       |     5 |     1 ||     6
 Stab: Paralysed         |       |       |     3 |     4 ||     7
       Distracted        |       |       |       |     1 ||     1
  Eat: Chunk             |       |     1 |    11 |    14 ||    26
       Royal jelly       |       |       |       |     2 ||     2
Armor: Scale mail        |    34 |    44 |   143 |   137 ||   358
       Skin              |       |       |    30 |    55 ||    85
       Chain mail        |       |       |       |    26 ||    26
Dodge: Dodged            |    19 |    39 |   107 |   163 ||   328
Block: Shield            |    41 |    51 |   171 |   320 ||   583
